 Seeded DCSS version 0.30.0-11-gf55b779eaf (webtiles) character file.

Game seed: 5 (custom seed)

89 Kazon the Chopper (level 4, 0/42 HPs)
             Began as a Naga Monk on May 16, 2023.
             Slain by a worm (8 damage)
             ... on level 2 of the Dungeon.
             The game lasted 00:08:31 (1565 turns).

Kazon the Chopper (Naga Monk)                       Turns: 1565, Time: 00:08:32

Health: 0/42       AC:  3    Str: 13    XL:     4   Next: 55%
Magic:  4/4        EV:  6    Int: 11    God:
Gold:   106        SH: 11    Dex: 15    Spells: 3/3 levels left

rFire   . . .        e - +0 short sword
rCold   . . .        c - +0 tower shield
rNeg    . . .        b - +0 robe
rPois   +            i - +0 helmet
rElec   .            (no cloak)
rCorr   .            (no gloves)
SInv    +            (no barding)
Will    .....        (no amulet)
Stlth   +            (no ring)
HPRegen 0.27/turn    (no ring)
MPRegen 0.09/turn

%: no passive effects
@: very slow
A: AC +1, large, see invisible, deformed body, poison resistance, slowness 2,
spit poison 1, naga tail 1
a: Spit Poison


You were on level 2 of the Dungeon.
You visited 1 branch of the dungeon, and saw 2 of its levels.

You collected 106 gold pieces.

Inventory:

Hand Weapons
 a - a +0 hand axe
 e - a +0 short sword (weapon)
Missiles
 f - 3 boomerangs
 l - 6 stones (quivered)
Armour
 b - a +0 robe (worn)
 c - a +0 tower shield (worn)
 d - an orb of light
 i - a +0 helmet (worn)
Scrolls
 h - a scroll of vulnerability {unknown}
 m - a scroll of acquirement {unknown}
 n - a scroll of fog {unknown}
 p - a scroll of teleportation {unknown}
 q - a scroll of magic mapping {unknown}
 r - a scroll of summoning {unknown}
 s - a scroll of identify {unknown}
 t - a scroll of blinking {unknown}
Potions
 g - 3 potions of curing {unknown}
 j - a potion of ambrosia
 k - a potion of resistance {unknown}
 o - a potion of magic {unknown}


   Skills:
 + Level 3.4 Fighting
 + Level 0.1 Short Blades
 + Level 3.6 Axes
 + Level 3.2 Dodging
 + Level 0.2 Stealth
 + Level 1.2 Shields


You had 3 spell levels left.
You didn't know any spells.
Your spell library was empty.

Dungeon Overview and Level Annotations

Branches:
Dungeon (2/15)

Altars:


Innate Abilities, Weirdness & Mutations

Your serpentine skin is tough. (AC +1)
You have supernaturally acute eyesight. (SInv)
Armour fits poorly on your strangely shaped body.
Your system is resistant to poisons. (rPois)
You cover ground very slowly.
You can spit poison.
You have a snake-like lower body.


Message History

You hit the worm.
The worm is heavily wounded.
You have got your breath back.
You barely miss the worm.
The worm is heavily wounded.
The worm bites you but does no damage.
You hit the worm.
The worm is heavily wounded.
The worm bites you!
You hit the worm but do no damage.
The worm is heavily wounded.
The worm bites you.
You barely miss the worm.
The worm is moderately wounded.
The worm bites you.
You hit the worm.
The worm is heavily wounded.
The worm bites you!
You hit the worm.
The worm is severely wounded.
The worm bites you but does no damage.
You hit the worm but do no damage.
The worm is heavily wounded.
The worm bites you.
You hit the worm.
The worm is heavily wounded.
You hit the worm.
The worm is severely wounded.
The worm bites you!
* * * LOW HITPOINT WARNING * * *
You barely miss the worm.
The worm is severely wounded.
You block the worm's attack.
You hit the worm but do no damage.
The worm is severely wounded.
The worm bites you but does no damage.
You hit the worm but do no damage.
The worm is severely wounded.
The worm bites you!
You die...

#..# ##... ### #.... # #
..# ##..# ... #. #.#
##...# #..#.###.# #....#
.###......########.#..##
......w@...............#
####.....##.............
+.....##.............
#.....##.............
##+#####...........#.
#.......#########.##
######### #..) #### #..


You could see a worm.

Vanquished Creatures
  2 adders (D:2)
  A worm (D:2)
  4 bats
  8 endoplasms
  A giant cockroach (D:1)
  11 goblins
  5 hobgoblins
  11 jackals
  3 kobolds
  5 ball pythons
  3 frilled lizards
  3 rats
57 creatures vanquished.

Notes
Turn   | Place    | Note
-------+----------+-------------------------------------------
     0 | D:1      | Kazon the Naga Monk began the quest for the Orb.
     0 | D:1      | Reached XP level 1. HP: 21/21 MP: 1/1
   252 | D:1      | Reached XP level 2. HP: 28/28 MP: 2/2
   586 | D:1      | Reached XP level 3. HP: 23/34 MP: 3/3
   961 | D:2      | Reached skill level 1 in Shields
  1031 | D:2      | Reached XP level 4. HP: 42/42 MP: 4/4
  1565 | D:2      | Slain by a worm

Illustrated notes

Levels and vault maps discovered:
D:1:      ebering_trefoil_3fold, layout_basic, st_stairs_14, serial_bayou_ford_a
D:2:      layout_basic, hangedman_decor_growths, minmay_close_crescents

Skill      XL: |  1  2  3 |
---------------+----------+-----
Shields        | 1 |  1.2
Dodging        | 3 |  3.2
Fighting       | |  3.4
Short Blades   | |  0.1
Axes           | |  3.6
Stealth        | |  0.2

Action                     |  1- 3 |  4- 6 || total
---------------------------+-------+-------++-------
  Melee: Hand axe          |    78 |    39 ||   117
         Short sword       |    30 |    30 ||    60
  Throw: Boomerang         |     2 |     2 ||     4
         Stone             |     1 |     6 ||     7
Ability: Spit Poison       |    24 |    12 ||    36
   Stab: Sleeping          |       |     1 ||     1
 Armour: Robe              |    43 |    19 ||    62
  Dodge: Dodged            |    37 |    16 ||    53
  Block: Tower shield      |    57 |    44 ||   101
